 Dungeon Crawl Stone Soup version 0.20.0-8-g6b59dc7 (webtiles) character file.

40 shiningwizard the Charmwright (level 3, -5/29 HPs)
             Began as a Centaur Skald on May 31, 2017.
             Slain by a worm (8 damage)
             ... on level 2 of the Dungeon.
             The game lasted 00:08:55 (635 turns).

shiningwizard the Charmwright (Centaur Skald)        Turns: 635, Time: 00:08:55

Health: -5/29      AC:  4    Str: 19    XL:     3   Next: 30%
Magic:  0/5        EV:  9    Int: 12    God:
Gold:   115        SH:  0    Dex:  8    Spells: 0/5 levels left

rFire    . . .     SeeInvis .   a - +0 spear
rCold    . . .     Gourm    .   (no shield)
rNeg     . . .     Faith    .   b - +0 leather armour
rPois    .         Spirit   .   (no helmet)
rElec    .         Reflect  .   (no cloak)
rCorr    .         Harm     .   (no gloves)
MR       .....                  (no barding)
Stlth    ..........             (no amulet)
Regen    0.1/turn               (no ring)
MPRegen  0.1/turn               (no ring)

@: mighty, infused (expiring), singing, very quick
A: hooves 3, deformed body, speed 2, tough skin 3
a: no special abilities


You were on level 2 of the Dungeon.
You were not hungry.

You visited 1 branch of the dungeon, and saw 2 of its levels.

You collected 115 gold pieces.

Inventory:

Hand Weapons
 a - a +0 spear (weapon)
Armour
 b - a +0 leather armour (worn)
Scrolls
 e - a scroll of fear {unknown}
 i - a scroll of remove curse
 j - a scroll of amnesia
Potions
 f - a potion of lignification
 g - 3 potions of magic
Books
 c - a book of Battle

   Spells                             Type                      Level
   a - Infusion                       Charms                       1
   b - Shroud of Golubria             Charms/Translocation         2
   c - Song of Slaying                Charms                       2
   d - Spectral Weapon                Hexes/Charms                 3
   e - Regeneration                   Charms/Necromancy            3
Comestibles
 d - a bread ration
 h - 4 fruits
 l - a meat ration


   Skills:
 + Level 2.2 Fighting
 + Level 2.3 Polearms
 + Level 0.7 Armour
 + Level 1.6 Dodging
 + Level 1.8 Spellcasting
 + Level 3.1 Charms


You couldn't memorise any spells.
You knew the following spells:

 Your Spells              Type           Power        Failure   Level  Hunger
a - Infusion              Chrm           #...         9%          1    ##.....
b - Shroud of Golubria    Chrm/Tloc      #.........   26%         2    ###....
c - Song of Slaying       Chrm           #.......     14%         2    ###....


Dungeon Overview and Level Annotations

Branches:
Dungeon (2/15)

Altars:


Innate Abilities, Weirdness & Mutations

You have hooves in place of feet.
Armour fits poorly on your strangely shaped body.
You cover ground very quickly.
You have extremely tough skin. (AC +3)


Message History

You start singing a song of slaying.
The jackal closely misses you. The jackal barely misses you.
The worm closely misses you. The jackal barely misses you.
The jackal closely misses you.
You hit the worm.
The worm is lightly wounded.
Your magical infusion is running out.
The jackal bites you. x2
* * * LOW HITPOINT WARNING * * *
You hit the worm.
The worm is heavily wounded.
The jackal barely misses you. The jackal closely misses you.
The worm bites you.
* * * LOW HITPOINT WARNING * * *
The jackal bites you.
* * * LOW HITPOINT WARNING * * *
You feel very mighty all of a sudden. The jackal barely misses you. x2
The jackal bites you but does no damage.
The worm bites you!
You die...

... .... #.<..# ..#
.....###....... #
.....> #.)#.... ..
.# .....##...#....
## ... ...........
$.. ....
......##.#....
...###.#...##......
#...#.###.hh..#.. .
#.......@wg.#
##.......#...#
#.......# ..#
##.......# ...
#####...........
#..
###.....#########.
. ##...##### .
##..### ...##


You could see a worm, 2 jackals and a goblin.

Vanquished Creatures
  2 oozes (D:1)
  4 giant cockroaches
  3 goblins (D:1)
  2 hobgoblins (D:1)
  4 jackals (D:2)
  4 kobolds
  5 bats
  5 rats
29 creatures vanquished.

Notes
Turn   | Place    | Note
-------+----------+-------------------------------------------
     0 | D:1      | shiningwizard the Centaur Skald began the quest for the Orb.
     0 | D:1      | Reached XP level 1. HP: 17/17 MP: 3/3
   186 | D:1      | Reached XP level 2. HP: 24/24 MP: 4/4
   429 | D:2      | Reached skill level 3 in Charms
   429 | D:2      | Reached XP level 3. HP: 19/29 MP: 5/5
   524 | D:2      | Learned a level 2 spell: Shroud of Golubria
   527 | D:2      | Learned a level 2 spell: Song of Slaying
   635 | D:2      | Slain by a worm

Skill      XL: |  1  2 |
---------------+-------+-----
Polearms       | 2 |  2.3
Charms         | 3 |  3.1
Fighting       | |  2.2
Armour         | |  0.7
Dodging        | |  1.6
Spellcasting   | |  1.8

Action                   || total
-------------------------++-------
Melee: Spear             ||    99
       Kick              ||    14
 Cast: Infusion          ||     3
       Song of Slaying   ||     1
  Use: Scroll            ||     5
       Potion            ||     1
Armor: Leather armour    ||    35
Dodge: Dodged            ||    61
